NCAA
DUKE BLUE DEVILS @ USC TROJANS
02/22/2060
 
TOP OF THE 1ST
Duke Blue Devils batting - Pitching for USC Trojans : RHP Brenner Eggleston
Pitching: RHP Brenner Eggleston
Batting: SHB Carl Briscoe 0-0: SINGLE (Groundball, 5S, EV 71.2 MPH) (infield hit)
Batting: LHB Rob Bass 0-0: Ball
1-0: Called Strike
1-1: Ball
2-1: Ground out 5-3 (Groundball, 56S, EV 74.4 MPH)
Carl Briscoe to second
Batting: LHB Collin Morgan 0-0: Called Strike
0-1: Ground out 4-3 (Groundball, 34, EV 103.8 MPH)
Carl Briscoe to third
Batting: LHB Seth Gains 0-0: Foul Ball, location: 2F
0-1: Ball
1-1: Ball
2-1: Foul Ball, location: 2F
2-2: Ball
3-2: Ground out 4-3 (Groundball, 4, EV 84.4 MPH)
Top of the 1st over - 0 runs, 1 hit, 0 errors, 1 left on base; Duke 0 - USC 0
BOTTOM OF THE 1ST
USC Trojans batting - Pitching for Duke Blue Devils : LHP Bryan Harry
Pitching: LHP Bryan Harry
Batting: LHB Nathaniel Lockman 0-0: Swinging Strike
0-1: Fly out, F8 (Flyball, 8RS, EV 91.9 MPH)
Batting: LHB Simon Preston 0-0: Called Strike
0-1: Ball
1-1: Fly out, F8 (Line Drive, 8LM, EV 98.1 MPH)
Batting: RHB Levi Lane 0-0: Called Strike
0-1: Ball
1-1: Ball
2-1: Foul Ball, location: 2F
2-2: Ball
3-2: DOUBLE (Flyball, 89XD, EV 90.6 MPH)
Batting: SHB Nathaniel Hirsch 0-0: Ball
1-0: Fly out, F9 (Flyball, 9LM, EV 92.5 MPH)
Bottom of the 1st over - 0 runs, 1 hit, 0 errors, 1 left on base; Duke 0 - USC 0
TOP OF THE 2ND
Duke Blue Devils batting - Pitching for USC Trojans : RHP Brenner Eggleston
Batting: RHB Jason Walker 0-0: Called Strike
0-1: Ball
1-1: Ball
2-1: Ball
3-1: Called Strike
3-2: SINGLE (Groundball, P, EV 85.6 MPH) (infield hit)
Batting: LHB Easton Gryder 0-0: Foul Ball, location: 2F
0-1: SINGLE (Line Drive, 9S, EV 94.4 MPH)
Jason Walker to second
Runner from 2nd tries for 3rd, SAFE, throw by RF made to third
Batting: RHB Walker Russell 0-0: Swinging Strike
0-1: Ball
1-1: Fielders Choice at 2nd, 6-4 (Groundball, 6, EV 88.8 MPH)
Jason Walker scores
Batting: RHB Javarez Corley 0-0: Ball
1-0: Swinging Strike
1-1: 2-RUN HOME RUN (Flyball, 7LD, EV 90.0 MPH), Distance : 332 ft
Batting: RHB Brian Robinette 0-0: Called Strike
0-1: Ball
1-1: Swinging Strike
1-2: Ground out 1-3 (Groundball, P, EV 67.5 MPH)
Batting: SHB Carl Briscoe 0-0: Ball
1-0: Ball
2-0: Called Strike
2-1: Foul Ball, location: 2F
2-2: Ball
3-2: Base on Balls
Batting: LHB Rob Bass 0-0: Foul Ball, location: 2F
0-1: Ball
1-1: Foul Ball, location: 2F
1-2: Fly out, F7 (Flyball, 78D, EV 103.1 MPH)
Top of the 2nd over - 3 runs, 3 hits, 0 errors, 1 left on base; Duke 3 - USC 0
BOTTOM OF THE 2ND
USC Trojans batting - Pitching for Duke Blue Devils : LHP Bryan Harry
Batting: RHB Micah Decker 0-0: Ground out 6-3 (Groundball, 6MD, EV 83.1 MPH)
Batting: RHB Devan Oakley 0-0: Ball
1-0: Swinging Strike
1-1: Ball
2-1: SINGLE (Groundball, 34D, EV 103.1 MPH)
Batting: SHB Markel Edwards 0-0: Called Strike
0-1: Grounds into double play, 5-4-3 (Groundball, 56, EV 86.2 MPH)
Bottom of the 2nd over - 0 runs, 1 hit, 0 errors, 0 left on base; Duke 3 - USC 0
TOP OF THE 3RD
Duke Blue Devils batting - Pitching for USC Trojans : RHP Brenner Eggleston
Batting: LHB Collin Morgan 0-0: Ball
1-0: Ball
2-0: Fly out, F9 (Flyball, 9S, EV 91.2 MPH)
Batting: LHB Seth Gains 0-0: Ball
1-0: Ball
2-0: Ball
3-0: Called Strike
3-1: Base on Balls
Batting: RHB Jason Walker 0-0: Called Strike
0-1: Foul Ball, location: 2F
0-2: Ball
1-2: Grounds into double play, 4-6-3 (Groundball, 34S, EV 78.8 MPH)
Top of the 3rd over - 0 runs, 0 hits, 0 errors, 0 left on base; Duke 3 - USC 0
BOTTOM OF THE 3RD
USC Trojans batting - Pitching for Duke Blue Devils : LHP Bryan Harry
Batting: LHB Levi McMillan 0-0: Ball
1-0: Ball
2-0: Fly out, F8 (Flyball, 8LXD, EV 93.1 MPH)
Batting: SHB Drew Brock 0-0: Foul Ball, location: 2F
0-1: Foul Ball, location: 2F
0-2: Ball
1-2: Ball
2-2: DOUBLE (Flyball, 78XD, EV 99.4 MPH)
Batting: LHB Nathaniel Lockman 0-0: Ground out 5-3 (Groundball, 15, EV 80.0 MPH)
Batting: LHB Simon Preston 0-0: Ball
1-0: Ball
2-0: Ball
3-0: Base on Balls
Batting: RHB Levi Lane 0-0: Called Strike
0-1: Swinging Strike
0-2: Ball
1-2: SINGLE (Groundball, 56D, EV 103.8 MPH) - runner OUT being hit by batted ball. (infield hit)
Bottom of the 3rd over - 0 runs, 2 hits, 0 errors, 1 left on base; Duke 3 - USC 0
TOP OF THE 4TH
Duke Blue Devils batting - Pitching for USC Trojans : RHP Brenner Eggleston
Batting: LHB Easton Gryder 0-0: Ball
1-0: Swinging Strike
1-1: Foul Ball, location: 2F
1-2: Foul Ball, location: 2F
1-2: Fly out, F7 (Line Drive, 7S, EV 89.4 MPH)
Batting: RHB Walker Russell 0-0: Foul Ball, location: 2F
0-1: Fly out, F3 (Popup, 3S, EV 88.1 MPH)
Batting: RHB Javarez Corley 0-0: Called Strike
0-1: Fly out, F6 (Popup, 6, EV 77.5 MPH)
Top of the 4th over - 0 runs, 0 hits, 0 errors, 0 left on base; Duke 3 - USC 0
BOTTOM OF THE 4TH
USC Trojans batting - Pitching for Duke Blue Devils : LHP Bryan Harry
Batting: SHB Nathaniel Hirsch 0-0: Foul Ball, location: 2F
0-1: Ball
1-1: SOLO HOME RUN (Flyball, 7D, EV 94.4 MPH), Distance : 375 ft
Batting: RHB Micah Decker 0-0: Ball
1-0: Foul Ball, location: 2F
1-1: Ball
2-1: Ball
3-1: Base on Balls
Batting: RHB Devan Oakley 0-0: SINGLE (Groundball, 6D, EV 108.8 MPH)
Micah Decker to second
Batting: SHB Markel Edwards 0-0: Fly out, F8 (Flyball, 78M, EV 90.6 MPH)
Batting: LHB Levi McMillan 0-0: Ball
1-0: Ball
2-0: Called Strike
2-1: Fielders Choice at 2nd, 3-6 (Groundball, 3, EV 90.0 MPH)
Micah Decker to third
Batting: SHB Drew Brock 0-0: Ball
1-0: SINGLE (Line Drive, 6D, EV 95.6 MPH)
Micah Decker scores
Levi McMillan to second
Runner from 2nd tries for 3rd, OUT! 8-5
Bottom of the 4th over - 2 runs, 3 hits, 0 errors, 1 left on base; Duke 3 - USC 2
TOP OF THE 5TH
Duke Blue Devils batting - Pitching for USC Trojans : RHP Brenner Eggleston
Batting: RHB Brian Robinette 0-0: Called Strike
0-1: Ball
1-1: Foul Ball, location: 2F
1-2: Ball
2-2: Foul Ball, location: 2F
2-2: Strikes out looking
Batting: SHB Carl Briscoe 0-0: Foul Ball, location: 2F
0-1: Ball
1-1: Foul Ball, location: 2F
1-2: Fly out, F9 (Flyball, 9, EV 88.1 MPH)
Batting: LHB Rob Bass 0-0: Ball
1-0: Foul Ball, location: 2F
1-1: Ball
2-1: Fly out, F7 (Flyball, 7, EV 91.9 MPH)
Top of the 5th over - 0 runs, 0 hits, 0 errors, 0 left on base; Duke 3 - USC 2
BOTTOM OF THE 5TH
USC Trojans batting - Pitching for Duke Blue Devils : LHP Bryan Harry
Batting: LHB Nathaniel Lockman 0-0: Ball
1-0: Foul Ball, location: 2F
1-1: Fly out, F9 (Flyball, 89M, EV 96.2 MPH)
Batting: LHB Simon Preston 0-0: Called Strike
0-1: Foul Ball, location: 2F
0-2: Ball
1-2: Ball
2-2: Foul Ball, location: 2F
2-2: Foul Ball, location: 2F
2-2: Ball
3-2: Ground out 4-3 (Groundball, 4, EV 84.4 MPH)
Batting: RHB Levi Lane 0-0: Called Strike
0-1: Ball
1-1: Foul Ball, location: 2F
1-2: Ball
2-2: Ball
3-2: Foul Ball, location: 2F
3-2: Foul Ball, location: 2F
3-2: Base on Balls
Batting: SHB Nathaniel Hirsch 0-0: Ball
1-0: Ball
2-0: Fly out, F7 (Flyball, 7S, EV 87.5 MPH)
Bottom of the 5th over - 0 runs, 0 hits, 0 errors, 1 left on base; Duke 3 - USC 2
TOP OF THE 6TH
Duke Blue Devils batting - Pitching for USC Trojans : RHP Brenner Eggleston
Batting: LHB Collin Morgan 0-0: Called Strike
0-1: Ball
1-1: Foul Ball, location: 2F
1-2: Ball
2-2: Reached on error, E3 (Groundball, 34S, EV 91.2 MPH)
Batting: LHB Seth Gains 0-0: Foul Ball, location: 2F
0-1: Called Strike
0-2: Ball
1-2: Grounds into double play, 6-4-3 (Groundball, 6, EV 102.5 MPH)
Batting: RHB Jason Walker 0-0: Swinging Strike
0-1: Ball
1-1: Foul Ball, location: 2F
1-2: Ball
2-2: Foul Ball, location: 2F
2-2: Ball
3-2: Base on Balls
Pitching: RHP Louis Eisaman
Batting: LHB Easton Gryder 0-0: Fly out, F4 (Popup, 3D, EV 56.2 MPH)
Top of the 6th over - 0 runs, 0 hits, 1 error, 1 left on base; Duke 3 - USC 2
BOTTOM OF THE 6TH
USC Trojans batting - Pitching for Duke Blue Devils : LHP Bryan Harry
Batting: RHB Micah Decker 0-0: Ball
1-0: Fly out, F8 (Flyball, 8LXD, EV 100.6 MPH)
Batting: RHB Devan Oakley 0-0: Ball
1-0: Called Strike
1-1: Ball
2-1: Foul Ball, location: 2F
2-2: Hit by Pitch
Pitching: RHP Evan Meldrum
Pinch Hitting: LHB Hayden Baker 0-0: Called Strike
0-1: Ball
Devan Oakley is caught stealing 2nd base 2-6
1-1: Fly out, F9 (Line Drive, 89M, EV 99.4 MPH)
Bottom of the 6th over - 0 runs, 0 hits, 0 errors, 0 left on base; Duke 3 - USC 2
TOP OF THE 7TH
Duke Blue Devils batting - Pitching for USC Trojans : RHP Louis Eisaman
Now at 2B: Shawn Casey
Batting: RHB Walker Russell 0-0: Swinging Strike
0-1: SINGLE (Line Drive, 9S, EV 95.6 MPH)
Batting: RHB Javarez Corley 0-0: Sac Bunt to 25 - play at first, batter OUT! 5-3
Walker Russell to second
Batting: RHB Brian Robinette 0-0: Ball
1-0: Ball
2-0: Ball
3-0: Foul Ball, location: 2F
3-1: SINGLE (Line Drive, 7LS, EV 108.8 MPH)
Walker Russell to third
Runner from 3rd tries for Home, SAFE, throw by LF to home
Batting: SHB Carl Briscoe 0-0: Grounds into double play, U3-6 (Groundball, 3L, EV 85.6 MPH)
Top of the 7th over - 1 run, 2 hits, 0 errors, 0 left on base; Duke 4 - USC 2
BOTTOM OF THE 7TH
USC Trojans batting - Pitching for Duke Blue Devils : RHP Evan Meldrum
Batting: LHB Levi McMillan 0-0: Ball
1-0: Ball
2-0: Ball
3-0: Base on Balls
Batting: SHB Drew Brock 0-0: Swinging Strike
0-1: Bunted foul
0-2: Fly out, F8 (Flyball, 8LXD, EV 75.0 MPH)
Batting: LHB Nathaniel Lockman 0-0: Ball
1-0: Ball
2-0: Ball
3-0: Called Strike
3-1: Base on Balls
Levi McMillan to second
Batting: LHB Simon Preston 0-0: Called Strike
0-1: Fly out, F5 (Line Drive, 5L, EV 71.9 MPH)
Batting: RHB Levi Lane 0-0: Ball
1-0: Ball
2-0: Ball
3-0: Called Strike
3-1: Swinging Strike
3-2: Base on Balls
Levi McMillan to third
Nathaniel Lockman to second
Batting: SHB Nathaniel Hirsch 0-0: Ball
1-0: Foul Ball, location: 2F
1-1: Foul Ball, location: 2F
1-2: Ball
2-2: SINGLE (Flyball, 34D, EV 86.9 MPH)
Levi McMillan scores
Nathaniel Lockman to third
Levi Lane to second
Runner from 3rd tries for Home, SAFE, throw by RF to home
Pinch Runner at 2nd Julian Gassett:
Batting: RHB Micah Decker 0-0: Ground out 6-3 (Groundball, 6S, EV 90.0 MPH)
Bottom of the 7th over - 2 runs, 1 hit, 0 errors, 2 left on base; Duke 4 - USC 4
TOP OF THE 8TH
Duke Blue Devils batting - Pitching for USC Trojans : RHP Louis Eisaman
Batting: LHB Rob Bass 0-0: SINGLE (Line Drive, 7S, EV 95.6 MPH)
Batting: LHB Collin Morgan 0-0: Foul Ball, location: 2F
0-1: Called Strike
0-2: Ball
1-2: Foul Ball, location: 2F
1-2: Ball
2-2: Ball
3-2: Foul Ball, location: 2F
3-2: Fly out, F8 (Flyball, 8RXD, EV 89.4 MPH)
Batting: LHB Seth Gains 0-0: Called Strike
0-1: Swinging Strike
0-2: Ball
1-2: Fly out, F8 (Flyball, 8LM, EV 84.4 MPH)
Batting: RHB Jason Walker 0-0: Ball
1-0: Foul Ball, location: 2F
1-1: Ball
2-1: Called Strike
2-2: Ball
3-2: DOUBLE (Flyball, 89D, EV 111.2 MPH)
Rob Bass to third
Rob Bass scores
Pitching: RHP James Parsons
Batting: LHB Easton Gryder 0-0: Ball
1-0: Called Strike
1-1: Ball
2-1: Ground out 4-3 (Groundball, 4, EV 80.6 MPH)
Top of the 8th over - 1 run, 2 hits, 0 errors, 1 left on base; Duke 5 - USC 4
BOTTOM OF THE 8TH
USC Trojans batting - Pitching for Duke Blue Devils : RHP Evan Meldrum
Batting: RHB Devan Oakley 0-0: Called Strike
0-1: Ball
1-1: Ball
2-1: Foul Ball, location: 2F
2-2: Ball
3-2: DOUBLE (Flyball, 78XD, EV 100.6 MPH)
Pitching: RHP Sawyer Viergutz
Batting: RHB Shawn Casey 0-0: Ball
1-0: Called Strike
1-1: DOUBLE (Flyball, 89D, EV 94.4 MPH)
Devan Oakley scores
Batting: LHB Levi McMillan 0-0: Intentional Walk
Batting: SHB Drew Brock 0-0: Bunted foul
0-1: Bunted foul
0-2: Fly out, F8 (Flyball, 8RD, EV 100.6 MPH)
Batting: LHB Nathaniel Lockman 0-0: Called Strike
0-1: Ball
1-1: Ball
2-1: Ball
3-1: Fly out, F9 (Line Drive, 9LM, EV 111.2 MPH)
Batting: LHB Simon Preston 0-0: Called Strike
0-1: Ball
1-1: Foul Ball, location: 2F
1-2: Strikes out swinging
Bottom of the 8th over - 1 run, 2 hits, 0 errors, 2 left on base; Duke 5 - USC 5
TOP OF THE 9TH
Duke Blue Devils batting - Pitching for USC Trojans : RHP James Parsons
Pinch Hitting: LHB Bryan Charpentier 0-0: Ball
1-0: Foul Ball, location: 2F
1-1: Foul Ball, location: 2F
1-2: Strikes out swinging
Batting: RHB Javarez Corley 0-0: Ball
1-0: Ground out 5-3 (Groundball, 56S, EV 91.2 MPH)
Batting: RHB Brian Robinette 0-0: Swinging Strike
0-1: DOUBLE (Flyball, 78XD, EV 105.6 MPH)
Batting: SHB Carl Briscoe 0-0: Intentional Walk
Batting: LHB Rob Bass 0-0: Ball
1-0: Fielders Choice at 2nd, U6 (Groundball, 6M, EV 80.0 MPH)
Top of the 9th over - 0 runs, 1 hit, 0 errors, 2 left on base; Duke 5 - USC 5
BOTTOM OF THE 9TH
USC Trojans batting - Pitching for Duke Blue Devils : RHP Sawyer Viergutz
Now at 2B: Ken King
Batting: SHB Charlie Cruz 0-0: SINGLE (Groundball, 6D, EV 100.6 MPH)
Batting: SHB Nathaniel Hirsch 0-0: Ball
1-0: Grounds into double play, 4-6-3 (Groundball, 4, EV 82.5 MPH)
Batting: RHB Micah Decker 0-0: Ball
1-0: Fly out, F9 (Flyball, 89S, EV 81.9 MPH)
Bottom of the 9th over - 0 runs, 1 hit, 0 errors, 0 left on base; Duke 5 - USC 5
TOP OF THE 10TH
Duke Blue Devils batting - Pitching for USC Trojans : RHP James Parsons
Pitching: RHP Brendan Kelly
Batting: LHB Collin Morgan 0-0: SINGLE (Flyball, 6D, EV 89.4 MPH)
Batting: LHB Seth Gains 0-0: Grounds into double play, 4-6-3 (Groundball, 4, EV 99.4 MPH)
Batting: RHB Jason Walker 0-0: SINGLE (Groundball, 6MD, EV 98.1 MPH)
Batting: LHB Easton Gryder 0-0: Called Strike
0-1: Fielders Choice at 2nd, 5-4 (Groundball, 5, EV 80.6 MPH)
Top of the 10th over - 0 runs, 2 hits, 0 errors, 1 left on base; Duke 5 - USC 5
BOTTOM OF THE 10TH
USC Trojans batting - Pitching for Duke Blue Devils : RHP Sawyer Viergutz
Pitching: LHP Okaro Amdilyan
Batting: RHB Devan Oakley 0-0: Ball
1-0: Swinging Strike
1-1: SINGLE (Groundball, 6MS, EV 73.8 MPH) (infield hit)
Batting: RHB Shawn Casey 0-0: Bunt missed!
0-1: Ball
Devan Oakley steals 2nd base
1-1: Sac Bunt to 2R - play at first, batter OUT! 2-4
Devan Oakley to third
Batting: LHB Levi McMillan 0-0: Intentional Walk
Pinch Hitting: RHB Brock Black 0-0: Ball
1-0: Called Strike
Levi McMillan steals 2nd base (no throw)
1-1: Intentional Walk
Batting: LHB Nathaniel Lockman 0-0: Called Strike
0-1: Ball
1-1: Called Strike
1-2: Ball
2-2: Ball
3-2: Base on Balls
Devan Oakley scores
Levi McMillan to third
Brock Black to second
Bottom of the 10th over - 1 run, 1 hit, 0 errors, 3 left on base; Duke 5 - USC 6
Tuesday, April 16th , 2024 - OOTP Baseball 23.10 Build 110